 Dungeon Crawl Stone Soup version 0.18.1-1-g2f07953 (webtiles) character file.

172 varam the Conjurer (level 5, -9/28 HPs)
             Began as a Deep Elf Conjurer on May 6, 2016.
             Was a Follower of Vehumet.
             Killed by divine providence
             ... invoked by an orc priest
              (16 damage)
             ... on level 4 of the Dungeon.
             The game lasted 00:13:57 (3137 turns).

varam the Conjurer (Deep Elf Conjurer)              Turns: 3137, Time: 00:13:58

Health: -9/28      AC: 15    Str:  5    XL:     5   Next: 27%
Magic:  9/14       EV: 14    Int: 21    God:    Vehumet [*.....]
Gold:   211        SH:  0    Dex: 15    Spells: 2 memorised, 10 levels left

rFire  . . .     SeeInvis .     y - +0 mace (protect)
rCold  . . .     Gourm    .     n - +1 leather armour {rN+}
rNeg   + . .     Faith    .     (no shield)
rPois  .         Spirit   .     (no helmet)
rElec  .         Dismiss  .     m - +1 cloak
rCorr  .         Reflect  .     (no gloves)
SustAt .         Harm     .     x - +0 pair of boots
MR     .....                    (no amulet)
Stlth  ++........               q - +2 ring of evasion
                                w - +3 ring of protection

@: not resistant to hostile enchantments, unstealthy
A: no striking features
a: Renounce Religion


You were on level 4 of the Dungeon.
You worshipped Vehumet.
Vehumet was aware of your devotion.
You were not hungry.

You visited 1 branch of the dungeon, and saw 4 of its levels.

You collected 211 gold pieces.

Inventory:

Hand Weapons
 y - a +0 mace of protection (weapon)
Armour
 a - a +0 robe
 m - a +1 cloak (worn)
 n - a +1 leather armour of positive energy (worn)
 x - a +0 pair of boots (worn)
Jewellery
 q - a +2 ring of evasion (right hand)
 w - a +3 ring of protection (left hand)
Scrolls
 e - 3 scrolls of identify {unknown}
 i - 4 scrolls of teleportation {unknown}
 j - 3 scrolls of enchant weapon {unknown}
 o - a scroll of remove curse {unknown}
Potions
 h - 3 potions of degeneration {unknown}
 l - 2 potions of might {unknown}
 p - a potion of magic {unknown}
 r - 2 potions of brilliance {unknown}
 t - a potion of cancellation {unknown}
 u - 2 potions of haste {unknown}
 v - a potion of cure mutation {unknown}
 z - a potion of curing {unknown}
Books
 b - a book of Conjurations

   Spells                             Type                      Level
   a - Magic Dart                     Conjuration                  1
   b - Searing Ray                    Conjuration                  2
   c - Dazzling Spray                 Conjuration/Hexes            3
   d - Fulminant Prism                Conjuration/Hexes            4
   e - Iskenderun's Mystic Blast      Conjuration                  4
   f - Iskenderun's Battlesphere      Conjuration/Charms           5
Comestibles
 c - 3 bread rations
 f - a slice of pizza
 g - a royal jelly
 k - a beef jerky
 s - 4 fruits


   Skills:
 * Level 0.7 Fighting
 + Level 2.8 Dodging
 - Level 2.4 Stealth
 + Level 5.2 Spellcasting
 * Level 5.9 Conjurations


You had 10 spell levels left.
You knew the following spells:

 Your Spells              Type           Power        Failure   Level  Hunger
a - Magic Dart            Conj           ####         1%          1    None
b - Dazzling Spray        Conj/Hex       ###.....     17%         3    ##.....


Dungeon Overview and Level Annotations

Branches:
Dungeon (4/15)             Temple (0/1) D:4

Altars:
Cheibriados
Elyvilon
Fedhas
Makhleb
Okawaru
Sif Muna
Vehumet
Xom


Message History

Aiming: Magic Dart
Press: ? - help, Shift-Dir - straight line, f/p - orc priest
Aim: an orc priest, wearing a leather armour (severely wounded)
The magic dart hits the orc priest.
The orc priest is almost dead.
Casting: Magic Dart
Confirm with . or Enter, or press ? or * to list all spells.
Aiming: Magic Dart
Press: ? - help, Shift-Dir - straight line, f/p - orc priest
Aim: an orc priest, wearing a leather armour (almost dead)
The magic dart hits the orc priest.
The orc priest is almost dead.
The orc priest invokes the aid of Beogh against you.
Pain shoots through your body!
* * * LOW HITPOINT WARNING * * *
The orc priest miscasts a cantrip.
The orc priest invokes the aid of Beogh against you.
Beogh smites you!
Ouch! That really hurt!
You die...

##+##
#..###.#.#.# #.#
#. #..###.#.#.#
#.# #.##
#........#.#
####.# ##...
##....)....#
#....# #...(#
#####.#####
#.#### ..... #.#
#.# .....## #.#
#.#
#.#.#.########.#
##.#####
#.#....oo..o@..#
#.......
#.###.##########
#.##.#.. #....##
#....⌠.. #.####
#....... #.
#..⌠.>)⌠ #o
#....... #o
##...⌠.. .o
####### ..


You could see 2 orc priests and an orc.

Vanquished Creatures
  Ijyb (D:2)
  2 gnolls (D:1)
  6 adders
  2 worms (D:2)
  2 dart slugs
  A giant gecko (D:1)
  8 bats
  2 giant cockroaches (D:1)
  11 goblins
  6 hobgoblins
  3 jackals (D:2)
  8 kobolds
  2 quokkas
  2 giant newts
  9 rats
65 creatures vanquished.

Notes
Turn   | Place    | Note
--------------------------------------------------------------
     0 | D:1      | varam the Deep Elf Conjurer began the quest for the Orb.
     0 | D:1      | Reached XP level 1. HP: 10/10 MP: 6/6
   227 | D:1      | Reached XP level 2. HP: 15/15 MP: 2/8
   655 | D:1      | Reached skill level 5 in Conjurations
   655 | D:1      | Reached XP level 3. HP: 19/19 MP: 5/10
   947 | D:2      | Learned a level 3 spell: Dazzling Spray
  1219 | D:2      | Noticed Ijyb
  1232 | D:2      | Killed Ijyb
  1232 | D:2      | Reached XP level 4. HP: 24/24 MP: 3/12
  1266 | D:2      | Found a snail-covered altar of Cheibriados.
  1266 | D:2      | Found a burning altar of Makhleb.
  1270 | D:2      | Found an iron altar of Okawaru.
  1274 | D:2      | Found a blossoming altar of Fedhas.
  1275 | D:2      | Found a radiant altar of Vehumet.
  1276 | D:2      | Found a white marble altar of Elyvilon.
  1278 | D:2      | Found a shimmering altar of Xom.
  1281 | D:2      | Became a worshipper of Vehumet
  1575 | D:2      | Reached skill level 5 in Spellcasting
  1627 | D:2      | Found a deep blue altar of Sif Muna.
  1646 | D:2      | Found a faded altar to an unknown god.
  2191 | D:3      | Reached XP level 5. HP: 26/28 MP: 6/14
  2250 | D:3      | Reached * piety under Vehumet
  2250 | D:3      | Offered knowledge of Sandblast by Vehumet.
  2943 | D:4      | Found a staircase to the Ecumenical Temple.
  3137 | D:4      | Killed from afar by an orc priest

Skill      XL: |  1  2  3  4 |
---------------+-------------+-----
Spellcasting   | 4 5 |  5.2
Conjurations   | 5 |  5.9
Fighting       | |  0.7
Dodging        | |  2.8
Stealth        | |  2.4

Action                   |  1- 3 |  4- 6 || total
-------------------------+-------+-------++-------
Melee: Club              |       |    23 ||    23
 Cast: Magic Dart        |    57 |    86 ||   143
       Dazzling Spray    |       |     3 ||     3
  Eat: Chunk             |     1 |     6 ||     7
Armor: Robe              |     2 |    14 ||    16
       Leather armour    |       |     2 ||     2
Dodge: Dodged            |     7 |    38 ||    45
